EL
NORTHWEST ARKANSAS NATURALS @ BIRMINGHAM BARONS
08/31/2047
 
TOP OF THE 1ST
Northwest Arkansas Naturals batting - Pitching for Birmingham Barons : RHP Andy Gibson
Pitching: RHP Andy Gibson
Batting: RHB Kevin Wimberly 0-0: Called Strike
0-1: Swinging Strike
0-2: Ball
1-2: Ball
2-2: Strikes out looking
Batting: RHB Willie de los Santos 0-0: Called Strike
0-1: Called Strike
0-2: Strikes out swinging
Batting: SHB Troy Maynard 0-0: Foul Ball, location: 2F
0-1: Swinging Strike
0-2: Strikes out swinging
Top of the 1st over - 0 runs, 0 hits, 0 errors, 0 left on base; Northwest Arkansas 0 - Birmingham 0
BOTTOM OF THE 1ST
Birmingham Barons batting - Pitching for Northwest Arkansas Naturals : RHP Mike Tuck
Pitching: RHP Mike Tuck
Batting: RHB Ron Johansen 0-0: Ball
1-0: Foul Ball, location: 2F
1-1: Ball
2-1: Foul Ball, location: 2F
2-2: Ball
3-2: Strikes out swinging
Batting: LHB Joe Kirkland 0-0: Called Strike
0-1: Ball
1-1: Ball
2-1: Swinging Strike
2-2: Ball
3-2: Strikes out looking
Batting: LHB Herkko Haavikko 0-0: Foul Ball, location: 2F
0-1: Fly out, F9 (Flyball, 89M, EV 71.9 MPH)
Bottom of the 1st over - 0 runs, 0 hits, 0 errors, 0 left on base; Northwest Arkansas 0 - Birmingham 0
TOP OF THE 2ND
Northwest Arkansas Naturals batting - Pitching for Birmingham Barons : RHP Andy Gibson
Batting: RHB Andy Urquhart 0-0: Ball
1-0: Called Strike
1-1: Foul Ball, location: 2F
1-2: Ground out 1-3 (Groundball, 15S, EV 75.0 MPH)
Batting: LHB Justin Covington 0-0: SINGLE (Flyball, 6D, EV 85.6 MPH)
Batting: SHB Bill Ertl 0-0: Called Strike
0-1: Called Strike
0-2: Strikes out swinging
Batting: RHB Greg Callaghan 0-0: 2-RUN HOME RUN (Line Drive, 9LD, EV 99.4 MPH), Distance : 365 ft
Batting: RHB Justin Goff 0-0: Ball
1-0: Ball
2-0: Foul Ball, location: 2F
2-1: Ball
3-1: Base on Balls
Batting: LHB Teko van de Sande 0-0: Ball
1-0: Ground out U3 (Groundball, 3, EV 78.8 MPH)
Top of the 2nd over - 2 runs, 2 hits, 0 errors, 1 left on base; Northwest Arkansas 2 - Birmingham 0
BOTTOM OF THE 2ND
Birmingham Barons batting - Pitching for Northwest Arkansas Naturals : RHP Mike Tuck
Batting: RHB Mike Savage 0-0: Called Strike
0-1: Ground out 5-3 (Groundball, 5L, EV 97.5 MPH)
Batting: RHB Matt McDevitt 0-0: Called Strike
0-1: Ground out 5-3 (Groundball, 5, EV 88.8 MPH)
Batting: RHB Danny Heikkila 0-0: Ball
1-0: Ball
2-0: Ball
3-0: Base on Balls
Batting: SHB Josh Conner 0-0: Fly out, F7 (Flyball, 7S, EV 93.1 MPH)
Bottom of the 2nd over - 0 runs, 0 hits, 0 errors, 1 left on base; Northwest Arkansas 2 - Birmingham 0
TOP OF THE 3RD
Northwest Arkansas Naturals batting - Pitching for Birmingham Barons : RHP Andy Gibson
Batting: RHB Kevin Wimberly 0-0: Ball
1-0: Called Strike
1-1: Ball
2-1: Called Strike
2-2: Ball
3-2: Base on Balls
Batting: RHB Willie de los Santos 0-0: Ball
1-0: Ball
2-0: Fly out, F8 (Flyball, 8RD, EV 94.4 MPH)
Batting: SHB Troy Maynard 0-0: Foul Ball, location: 2F
0-1: Ball
1-1: Ball
2-1: Foul Ball, location: 2F
2-2: Foul Ball, location: 2F
2-2: Ball
Kevin Wimberly is caught stealing 2nd base 2-6
3-2: Fly out, F8 (Flyball, 89M, EV 89.4 MPH)
Top of the 3rd over - 0 runs, 0 hits, 0 errors, 0 left on base; Northwest Arkansas 2 - Birmingham 0
BOTTOM OF THE 3RD
Birmingham Barons batting - Pitching for Northwest Arkansas Naturals : RHP Mike Tuck
Batting: LHB Noel Wilson 0-0: Called Strike
0-1: Called Strike
0-2: Ball
1-2: Foul Ball, location: 2F
1-2: SINGLE (Line Drive, 78S, EV 103.8 MPH)
Batting: RHB John Iddings 0-0: SINGLE (Flyball, 4D, EV 94.4 MPH)
Noel Wilson to second
Batting: RHB Ron Johansen 0-0: Ball
1-0: 3-RUN HOME RUN (Flyball, 78XD, EV 104.4 MPH), Distance : 420 ft
Pitching: RHP Mike Galvin
Batting: LHB Joe Kirkland 0-0: Ball
1-0: Ball
2-0: Ball
3-0: Called Strike
3-1: Base on Balls
Batting: LHB Herkko Haavikko 0-0: Called Strike
0-1: Ball
1-1: Called Strike
1-2: Fly out, F8 (Flyball, 78D, EV 98.8 MPH)
Batting: RHB Mike Savage 0-0: Swinging Strike
0-1: Ball
1-1: SINGLE (Groundball, 34S, EV 73.8 MPH) (infield hit)
Joe Kirkland to second
Batting: RHB Matt McDevitt 0-0: Foul Ball, location: 2F
0-1: Called Strike
0-2: Strikes out swinging
Batting: RHB Danny Heikkila 0-0: Ball
1-0: Called Strike
1-1: Ball
2-1: Fielders Choice at 2nd, 6-4 (Groundball, 6, EV 81.2 MPH)
Bottom of the 3rd over - 3 runs, 4 hits, 0 errors, 2 left on base; Northwest Arkansas 2 - Birmingham 3
TOP OF THE 4TH
Northwest Arkansas Naturals batting - Pitching for Birmingham Barons : RHP Andy Gibson
Batting: RHB Andy Urquhart 0-0: Called Strike
0-1: Hit by Pitch
Batting: LHB Justin Covington 0-0: Called Strike
0-1: SINGLE (Line Drive, 8RS, EV 90.6 MPH)
Andy Urquhart to second
Runner from 2nd tries for 3rd, SAFE, throw by CF made to third
Batting: SHB Bill Ertl 0-0: Called Strike
0-1: Ball
1-1: Fly out, F7 (Flyball, 7LM, EV 79.4 MPH)
Batting: RHB Greg Callaghan 0-0: Called Strike
0-1: Ball
1-1: Foul Ball, location: 2F
1-2: Fielders Choice at 2nd, 6-4 (Groundball, 6, EV 86.9 MPH)
Andy Urquhart scores
Batting: RHB Justin Goff 0-0: Called Strike
0-1: Ball
1-1: Ground out 4-3 (Groundball, 4S, EV 86.2 MPH)
Top of the 4th over - 1 run, 1 hit, 0 errors, 1 left on base; Northwest Arkansas 3 - Birmingham 3
BOTTOM OF THE 4TH
Birmingham Barons batting - Pitching for Northwest Arkansas Naturals : RHP Mike Galvin
Batting: SHB Josh Conner 0-0: Ball
1-0: Ball
2-0: Ball
3-0: Called Strike
3-1: SINGLE (Groundball, 34D, EV 102.5 MPH)
Batting: LHB Noel Wilson 0-0: Ball
1-0: Ball
2-0: Called Strike
2-1: Foul Ball, location: 2F
2-2: Grounds into double play, 5-4-3 (Groundball, 5, EV 86.2 MPH)
Batting: RHB John Iddings 0-0: Ball
1-0: Ball
2-0: Ball
3-0: Base on Balls
Batting: RHB Ron Johansen 0-0: Ball
John Iddings is caught stealing 2nd base 2-4
Bottom of the 4th over - 0 runs, 1 hit, 0 errors, 0 left on base; Northwest Arkansas 3 - Birmingham 3
TOP OF THE 5TH
Northwest Arkansas Naturals batting - Pitching for Birmingham Barons : RHP Andy Gibson
Batting: LHB Teko van de Sande 0-0: Ball
1-0: SINGLE (Line Drive, 9LS, EV 103.8 MPH)
Batting: RHB Kevin Wimberly 0-0: Ball
1-0: Called Strike
1-1: Ball
2-1: Ball
3-1: Called Strike
3-2: Base on Balls
Teko van de Sande to second
Batting: RHB Willie de los Santos 0-0: Ball
1-0: Foul Ball, location: 2F
1-1: Foul Ball, location: 2F
1-2: Foul Ball, location: 2F
1-2: Strikes out swinging
Batting: SHB Troy Maynard 0-0: Grounds into double play, 6-4-3 (Groundball, 6, EV 104.4 MPH)
Top of the 5th over - 0 runs, 1 hit, 0 errors, 1 left on base; Northwest Arkansas 3 - Birmingham 3
BOTTOM OF THE 5TH
Birmingham Barons batting - Pitching for Northwest Arkansas Naturals : RHP Mike Galvin
Batting: RHB Ron Johansen 0-0: Foul Ball, location: 2F
0-1: Called Strike
0-2: Ball
1-2: Fly out, F8 (Flyball, 8RM, EV 80.0 MPH)
Batting: LHB Joe Kirkland 0-0: Called Strike
0-1: DOUBLE (Line Drive, 78D, EV 112.5 MPH)
Pitching: LHP Jake Warwick
Batting: LHB Herkko Haavikko 0-0: Called Strike
0-1: Swinging Strike
0-2: Foul Ball, location: 2F
0-2: Ball
1-2: Foul Ball, location: 2F
1-2: Foul Ball, location: 2F
1-2: Foul Ball, location: 2F
1-2: Ball
2-2: Foul Ball, location: 2F
2-2: Foul Ball, location: 2F
2-2: Ball
3-2: Base on Balls
Batting: RHB Mike Savage 0-0: Ball
1-0: Ball
2-0: Ball
3-0: Base on Balls
Joe Kirkland to third
Herkko Haavikko to second
Batting: RHB Matt McDevitt 0-0: Ball
1-0: Ball
2-0: GRAND SLAM HOME RUN (Flyball, 78XD, EV 105.0 MPH), Distance : 394 ft
Batting: RHB Danny Heikkila 0-0: Ball
1-0: Fly out, F8 (Flyball, 8LM, EV 95.6 MPH)
Batting: SHB Josh Conner 0-0: Ball
1-0: Ball
2-0: Ground out 6-3 (Groundball, 6, EV 88.1 MPH)
Bottom of the 5th over - 4 runs, 2 hits, 0 errors, 0 left on base; Northwest Arkansas 3 - Birmingham 7
TOP OF THE 6TH
Northwest Arkansas Naturals batting - Pitching for Birmingham Barons : RHP Andy Gibson
Batting: RHB Andy Urquhart 0-0: Ball
1-0: Called Strike
1-1: Ball
2-1: Called Strike
2-2: SOLO HOME RUN (Flyball, 7D, EV 96.9 MPH), Distance : 379 ft
Batting: LHB Justin Covington 0-0: Ball
1-0: Ball
2-0: Called Strike
2-1: Foul Ball, location: 2F
2-2: Strikes out swinging, 2-3 out at first.
Batting: SHB Bill Ertl 0-0: Ball
1-0: Ground out 6-3 (Groundball, 6M, EV 105.0 MPH)
Batting: RHB Greg Callaghan 0-0: Ball
1-0: Ball
2-0: Ground out 6-3 (Groundball, 6, EV 85.0 MPH)
Top of the 6th over - 1 run, 1 hit, 0 errors, 0 left on base; Northwest Arkansas 4 - Birmingham 7
BOTTOM OF THE 6TH
Birmingham Barons batting - Pitching for Northwest Arkansas Naturals : LHP Jake Warwick
Pitching: RHP Jadon Martin
Batting: LHB Noel Wilson 0-0: Ball
1-0: Called Strike
1-1: Fly out, F9 (Flyball, 9LM, EV 96.9 MPH)
Batting: RHB John Iddings 0-0: Ball
1-0: Ground out 5-3 (Groundball, 56S, EV 63.1 MPH)
Batting: RHB Ron Johansen 0-0: Ball
1-0: Ball
2-0: Foul Ball, location: 2F
2-1: Called Strike
2-2: Strikes out swinging
Bottom of the 6th over - 0 runs, 0 hits, 0 errors, 0 left on base; Northwest Arkansas 4 - Birmingham 7
TOP OF THE 7TH
Northwest Arkansas Naturals batting - Pitching for Birmingham Barons : RHP Andy Gibson
Batting: RHB Justin Goff 0-0: Ball
1-0: Called Strike
1-1: Ball
2-1: DOUBLE (Line Drive, 3D, EV 101.2 MPH)
Batting: LHB Teko van de Sande 0-0: Called Strike
0-1: SINGLE (Line Drive, 6M, EV 105.6 MPH)
Justin Goff to third
Batting: RHB Kevin Wimberly Pickoff Throw to First - Out! 1-3
0-0: Foul Ball, location: 2F
0-1: Foul Ball, location: 2F
0-2: Fly out, F7 (Flyball, 7LM, EV 90.0 MPH)
Runner from 3rd tags up, SCORES, throw by LF
Pitching: LHP Silas Chartier
Batting: RHB Willie de los Santos 0-0: Called Strike
0-1: Ball
1-1: Ball
2-1: Foul Ball, location: 2F
2-2: Ball
3-2: Foul Ball, location: 2F
3-2: SINGLE (Groundball, 34, EV 95.6 MPH)
Batting: SHB Troy Maynard 0-0: Foul Ball, location: 2F
0-1: Ball
1-1: Fielders Choice at 2nd, 6-4 (Groundball, 6, EV 110.6 MPH)
Top of the 7th over - 1 run, 3 hits, 0 errors, 1 left on base; Northwest Arkansas 5 - Birmingham 7
BOTTOM OF THE 7TH
Birmingham Barons batting - Pitching for Northwest Arkansas Naturals : RHP Jadon Martin
Pitching: RHP Josh Rutledge
Batting: LHB Joe Kirkland 0-0: Swinging Strike
0-1: Fly out, F7 (Flyball, 7LSF, EV 96.2 MPH)
Batting: LHB Herkko Haavikko 0-0: Ball
1-0: Ball
2-0: Ball
3-0: Called Strike
3-1: Ground out 4-3 (Groundball, 13, EV 77.5 MPH)
Batting: RHB Mike Savage 0-0: Swinging Strike
0-1: Foul Ball, location: 2F
0-2: Ball
1-2: Ball
2-2: Ball
3-2: Base on Balls
Batting: RHB Matt McDevitt 0-0: Ball
1-0: Foul Ball, location: 2F
1-1: Ball
2-1: Ball
3-1: Ground out 4-3 (Groundball, 4, EV 91.2 MPH)
Bottom of the 7th over - 0 runs, 0 hits, 0 errors, 1 left on base; Northwest Arkansas 5 - Birmingham 7
TOP OF THE 8TH
Northwest Arkansas Naturals batting - Pitching for Birmingham Barons : LHP Silas Chartier
Batting: RHB Andy Urquhart 0-0: Ground out 6-3 (Groundball, 6, EV 82.5 MPH)
Pinch Hitting: RHB Alex Cid 0-0: Called Strike
0-1: Foul Ball, location: 2F
0-2: Strikes out looking
Batting: SHB Bill Ertl 0-0: Called Strike
0-1: Ball
1-1: SINGLE (Groundball, 6MD, EV 106.2 MPH)
Batting: RHB Greg Callaghan 0-0: Foul Ball, location: 2F
0-1: Hit by Pitch
Bill Ertl to second
Batting: RHB Justin Goff 0-0: Swinging Strike
0-1: Ball
1-1: Called Strike
1-2: Ball
2-2: Strikes out swinging
Top of the 8th over - 0 runs, 1 hit, 0 errors, 2 left on base; Northwest Arkansas 5 - Birmingham 7
BOTTOM OF THE 8TH
Birmingham Barons batting - Pitching for Northwest Arkansas Naturals : RHP Josh Rutledge
Pitching: RHP Steve Ryals
Now in CF: Eric Erickson
Batting: RHB Danny Heikkila 0-0: Called Strike
0-1: Swinging Strike
0-2: Ball
1-2: Ball
2-2: SINGLE (Groundball, 5L, EV 82.5 MPH) (infield hit)
Batting: SHB Josh Conner 0-0: Ball
1-0: Called Strike
1-1: Swinging Strike
1-2: Ball
2-2: Strikes out swinging
Batting: LHB Noel Wilson 0-0: Ball
Danny Heikkila steals 2nd base
1-0: Intentional Walk
Batting: RHB John Iddings 0-0: Called Strike
0-1: Ball
1-1: Grounds into double play, 5-4-3 (Groundball, 5, EV 90.6 MPH)
Bottom of the 8th over - 0 runs, 1 hit, 0 errors, 1 left on base; Northwest Arkansas 5 - Birmingham 7
TOP OF THE 9TH
Northwest Arkansas Naturals batting - Pitching for Birmingham Barons : LHP Silas Chartier
Pitching: RHP Dave McGee
Batting: LHB Teko van de Sande 0-0: Foul Ball, location: 2F
0-1: Ball
1-1: Foul Ball, location: 2F
1-2: Foul Ball, location: 2F
1-2: SINGLE (Groundball, 23, EV 69.4 MPH) (infield hit)
Batting: RHB Kevin Wimberly 0-0: Foul Ball, location: 2F
0-1: Swinging Strike
0-2: Fly out, F9 (Flyball, 89S, EV 89.4 MPH)
Batting: RHB Willie de los Santos 0-0: Called Strike
0-1: Ball
1-1: Foul Ball, location: 2F
1-2: Strikes out looking
Batting: SHB Troy Maynard 0-0: Ball
1-0: Called Strike
1-1: Ball
2-1: Foul Ball, location: 2F
2-2: Strikes out swinging, 2-3 out at first.
Top of the 9th over - 0 runs, 1 hit, 0 errors, 1 left on base; Northwest Arkansas 5 - Birmingham 7
Thursday, December 15th , 2022 - OOTP Baseball 23.9 Build 102